 Dungeon Crawl Stone Soup version 0.29.1-15-g9cfb28693d (webtiles) character file.

Game seed: 7113512055857361152

53 zeram the Covered (level 3, -3/24 HPs)
             Began as a Gargoyle Fighter on Apr 11, 2023.
             Slain by a goblin
             ... wielding a +0 dagger
             ... led by Robin
              (5 damage)
             ... on level 2 of the Dungeon.
             The game lasted 00:01:13 (784 turns).

zeram the Covered (Gargoyle Fighter)                 Turns: 784, Time: 00:01:14

Health: -3/24      AC: 13    Str: 21    XL:     3   Next: 87%
Magic:  3/3        EV:  9    Int:  8    God:
Gold:   30         SH:  4    Dex:  9    Spells: 2/2 levels left

rFire   . . .      SeeInvis .   a - +0 flail
rCold   . . .      Faith    .   c - +0 buckler
rNeg    + . .      Spirit   .   b - +0 scale mail
rPois   ∞          Reflect  .   h - +2 helmet
rElec   +          Harm     .   (no cloak)
rCorr   .          Rampage  .   (no gloves)
Will    .....                   (no boots)
Stlth   ..........              (no amulet)
HPRegen 0.08/turn               (no ring)
MPRegen 0.08/turn               (no ring)

@: no status effects
A: sickness immunity, AC +3, negative energy resistance 1, electricity
resistance, torment resistance 1, petrification resistance
a: no special abilities


You were on level 2 of the Dungeon.
You visited 1 branch of the dungeon, and saw 2 of its levels.

You collected 30 gold pieces.

Inventory:

Hand Weapons
 a - a +0 flail (weapon)
Armour
 b - a +0 scale mail (worn)
 c - a +0 buckler (worn)
 h - a +2 helmet (worn)
Jewellery
 i - a ring of positive energy
Potions
 d - a potion of might
 e - 3 potions of brilliance {unknown}
 f - 2 potions of cancellation {unknown}
 g - a potion of haste {unknown}
 j - a potion of mutation {unknown}
 k - a potion of heal wounds {unknown}


   Skills:
 + Level 3.7 Fighting
 + Level 2.4 Maces & Flails
 + Level 3.9 Armour
 + Level 0.1 Dodging
 + Level 3.9 Shields


You had 2 spell levels left.
You didn't know any spells.
Your spell library was empty.

Dungeon Overview and Level Annotations

Branches:
Dungeon (2/15)

Altars:

Annotations:
D:2 Robin


Innate Abilities, Weirdness & Mutations

You are immune to sickness and miasma.
Your stone body is resilient. (AC +3)
You are immune to poison.
You resist negative energy. (rN+)
You are resistant to electric shocks. (rElec)
You are resistant to unholy torment.
You are immune to petrification.


Message History

You block the goblin's attack. The goblin hits you but does no damage.
Robin closely misses you.
Unknown command.
You hit the goblin but do no damage.
The goblin no longer looks unusually strong.
Robin closely misses you. You block the goblin's attack.
The goblin closely misses you.
You hit the goblin.
The goblin is moderately wounded.
Robin roars a battlecry!
The goblin goes into a battle-frenzy!
The goblin hits you but does no damage. You block the goblin's attack.
You barely miss the goblin.
The goblin is moderately wounded.
The goblin no longer looks unusually strong.
Robin laughs in a distinctly smug fashion.
Robin roars a battlecry!
The goblin goes into a battle-frenzy!
You block the goblin's attack. The goblin closely misses you.
You miss the goblin.
The goblin is moderately wounded.
The hobgoblin no longer looks unusually strong.
Robin roars a battlecry!
The hobgoblin goes into a battle-frenzy!
You block the goblin's attack.
The goblin hits you but does no damage. x2
You block Robin's attack. The goblin hits you but does no damage.
You miss the goblin.
The goblin is moderately wounded.
Robin misses you. The goblin barely misses you.
The goblin hits you but does no damage.
You closely miss the goblin. The goblin hits you with a +0 dagger.
* * * LOW HITPOINT WARNING * * *
The goblin hits you but does no damage.
You hit the goblin.
You kill the goblin!
You block Robin's attack. The goblin barely misses you.
Robin hits you with a +0 mace.
* * * LOW HITPOINT WARNING * * *
The goblin hits you with a +0 dagger.
You die...

##### #...# ... ...
#.# #)# #g#######
#gg...... #. #@#######
#. ########)# #.
#........# #.
#.######.## ##.###.#
##...#
#...##.####...<#
####.#......†.....##
......<..............#
##########.^.##.#.##.#


You could see Robin, a hobgoblin (strong) and a goblin (strong).

Vanquished Creatures
  An adder (D:2)
  A dart slug (D:1)
  7 ball pythons (D:1)
  A bat (D:1)
  2 giant cockroaches (D:1)
  10 goblins
  3 hobgoblins
  3 jackals (D:1)
  2 quokkas (D:1)
  2 frilled lizards (D:1)
  3 kobolds (D:1)
  2 rats
37 creatures vanquished.

Notes
Turn   | Place    | Note
-------+----------+-------------------------------------------
     0 | D:1      | zeram the Gargoyle Fighter began the quest for the Orb.
     0 | D:1      | Reached XP level 1. HP: 14/14 MP: 1/1
    95 | D:1      | Reached XP level 2. HP: 19/19 MP: 2/2
   308 | D:1      | Reached XP level 3. HP: 20/24 MP: 3/3
   717 | D:2      | Found a faded altar of an unknown god.
   760 | D:2      | Noticed Robin
   784 | D:2      | Slain by a goblin

Illustrated notes

Levels and vault maps discovered:
D:1:      minmay_arrival_glassed_features, layout_loops_ring
D:2:      layout_loops_ring, dreamdust_ecumenical_altar_statues, uniq_jessica,
          uniq_terence, uniq_robin

Action                   || total
-------------------------++-------
Melee: Flail             ||   122
  Use: Scroll            ||     1
Armor: Scale mail        ||    92
Dodge: Dodged            ||    83
Block: Buckler           ||    44
